 Dungeon Sprint DCSS version 0.29-a0-506-ga2e7fffb44 (webtiles) character file.

Game seed: 13370933632026395975

2732 mhtbhm the Severer (level 9, -4/97 HPs)
             Began as a Minotaur Berserker on May 28, 2022.
             Was a High Priest of Trog.
             Slain by an unseen horror (9 damage)
             ... in the Dungeon (Sprint III: "The Ten Rune Challenge").
             The game lasted 00:03:05 (1886 turns).

mhtbhm the Severer (Minotaur Berserker)             Turns: 1886, Time: 00:03:06

Health: -4/97      AC:  3    Str: 27    XL:     9   Next: 40%
Magic:  8/8        EV: 14    Int:  4    God:    Trog [*****.]
Gold:   25         SH:  0    Dex:  9    Spells: 8/8 levels left

rFire   . . .      SeeInvis .   a - +0 hand axe
rCold   . . .      Faith    .   (no shield)
rNeg    + . .      Spirit   .   b - +1 robe {rN+}
rPois   .          Reflect  .   (helmet restricted)
rElec   .          Harm     .   (no cloak)
rCorr   .          Rampage  .   (no gloves)
Will    .....      NoTele   +   (no boots)
Stlth   +.........              (no amulet)
HPRegen 0.26/turn               (no ring)
MPRegen 0.11/turn               (no ring)

@: no status effects
A: horns 2, retaliatory headbutt
a: Renounce Religion, Berserk, Trog's Hand, Brothers in Arms


You were in the Dungeon.
You worshipped Trog.
Trog was extremely pleased with you.
You visited 1 branch You collected 25 gold pieces.

Inventory:

Hand Weapons
 a - a +0 hand axe (weapon)
Armour
 b - a +1 robe of positive energy (worn)
Scrolls
 h - a scroll of blinking
 j - 2 scrolls of poison {unknown}
 k - 3 scrolls of identify
Potions
 d - 2 potions of heal wounds
 f - 2 potions of magic
 g - 2 potions of berserk rage
 i - 4 potions of mutation {unknown}
 l - a potion of flight {unknown}
 m - a potion of might
Miscellaneous
 c - a phial of floods


   Skills:
 + Level 15.4 Fighting
 + Level 17.3 Axes
 + Level 7.6 Armour
 + Level 9.5 Dodging


You had 8 spell levels left.
You didn't know any spells.
Your spell library was empty.

Dungeon Overview and Level Annotations

Branches:
Dungeon (1/1)

Altars:
Cheibriados
Dithmenos
Elyvilon
Fedhas
Gozag
Hepliaklqana
Kikubaaqudgha
Makhleb
Nemelex Xobeh
Okawaru
Qazlal
Ru
Sif Muna
Trog
Uskayaw
Vehumet
Wu Jian
Xom
Yredelemnul
Zin
The Shining One
Beogh
Jiyva
Lugonu


Innate Abilities, Weirdness & Mutations

You have a pair of horns on your head.
You reflexively headbutt those who attack you in melee.


Message History

You swing at nothing.
Something hits you.
Deactivating autopickup; reactivate with Ctrl-A.
You hit something but do no damage. Your headbutt misses something.
Your punch misses something. Something hits you! Something hits you.
You slash something! Your headbutt misses something. Something hits you!
You barely miss something. Something hits you.
You completely miss something. You headbutt something. Something hits you.
You miss something. Your headbutt misses something. Something hits you.
Something barely misses you.
You closely miss something. Something hits you!
You miss something. Your headbutt misses something. Something hits you. x2
You hit something. You closely miss something. Something hits you.
You swing at nothing.
Something hits you.
You hit something but do no damage. Something hits you.
You swing at nothing.
Something hits you.
You hit something but do no damage. Your headbutt misses something.
Something hits you.
You hit something but do no damage. Something hits you! Something hits you.
You hit something but do no damage. Something hits you!
* * * LOW HITPOINT WARNING * * *
You hit something but do no damage. Something hits you.
* * * LOW HITPOINT WARNING * * *
You swing at nothing.
Something hits you.
* * * LOW HITPOINT WARNING * * *
You closely miss something. Your headbutt misses something.
Something barely misses you.
You hit something but do no damage. Something hits you.
* * * LOW HITPOINT WARNING * * *
You swing at nothing.
Something hits you.
* * * LOW HITPOINT WARNING * * *
You barely miss something. Your headbutt misses something. Something hits you.
* * * LOW HITPOINT WARNING * * *
You swing at nothing.
Something hits you.
* * * LOW HITPOINT WARNING * * *
You hit something. Something hits you.
* * * LOW HITPOINT WARNING * * *
You hit something. Your headbutt misses something.
Something hits you but does no damage. Something hits you!
You die...

### __# ._# )## ..#
..# #'#
..#+###############
..#..≈≈≈'.#.'.).@.#
..#.#≈≈≈#.#.#)).##.#
..'.#...#.#.#...#
#.#
..#.#...#...#...#
#.#
▓▓▓▓▓▓▓▓▓▓▓▓▓▓▓▓#
#.# #.# #.# ##


There were no monsters in sight!

Vanquished Creatures
  Snorg (D)
  A centaur warrior (D)
  A deep elf pyromancer (D)
  A shadow (D)
  A spatial vortex (D)
  2 centaurs (D)
  An earth elemental (D)
  A necrophage (D)
  A water elemental (D)
  A jelly (D)
  Jessica (D)
  A necromancer (D)
  A wizard (D)
  3 humans (D)
  A kobold demonologist (D)
  A wolf (D)
  3 rats (D)
22 creatures vanquished.

Notes
Turn   | Place    | Note
-------+----------+-------------------------------------------
     0 | D        | mhtbhm the Minotaur Berserker began the quest for the Orb.
     0 | D        | Reached XP level 1. HP: 19/19 MP: 0/0
    11 | D        | Reached skill level 4 in Axes
    24 | D        | Noticed Jessica
    29 | D        | Killed Jessica
    29 | D        | Reached ** piety under Trog
    30 | D        | Reached skill level 5 in Fighting
    30 | D        | Reached skill level 5 in Axes
    30 | D        | Reached XP level 2. HP: 19/30 MP: 1/1
   157 | D        | Reached skill level 6 in Axes
   157 | D        | Reached XP level 3. HP: 37/37 MP: 2/2
   162 | D        | Reached *** piety under Trog
   248 | D        | Noticed a water elemental
   252 | D        | Killed a water elemental
   253 | D        | Reached skill level 8 in Axes
   253 | D        | Reached XP level 4. HP: 48/48 MP: 3/3
   307 | D        | Found a basalt altar of Yredelemnul.
   307 | D        | Found a shadowy altar of Dithmenos.
   307 | D        | Found a sacrificial altar of Ru.
   307 | D        | Noticed a necrophage
   309 | D        | Reached XP level 5. HP: 55/55 MP: 4/4
   310 | D        | Reached skill level 9 in Axes
   398 | D        | Found a hide-covered altar of Uskayaw.
   398 | D        | Found an iron altar of Okawaru.
   398 | D        | Found a bloodstained altar of Trog.
   398 | D        | Found an ornate altar of the Wu Jian Council.
   398 | D        | Noticed a human
   399 | D        | Noticed a human
   406 | D        | Killed a human
   406 | D        | Reached **** piety under Trog
   407 | D        | Reached skill level 10 in Fighting
   407 | D        | Reached skill level 11 in Axes
   407 | D        | Reached skill level 5 in Armour
   407 | D        | Reached skill level 5 in Dodging
   407 | D        | Reached XP level 6. HP: 67/67 MP: 5/5
   407 | D        | Killed a human
   408 | D        | Reached skill level 12 in Axes
   447 | D        | Found a radiant altar of Vehumet.
   447 | D        | Found a shimmering blue altar of Sif Muna.
   447 | D        | Found an ancient bone altar of Kikubaaqudgha.
   452 | D        | Noticed an orange demon
   459 | D        | Reached ***** piety under Trog
   460 | D        | Reached XP level 7. HP: 23/74 MP: 6/6
   747 | D        | Found a glowing silver altar of Zin.
   747 | D        | Found a glowing golden altar of the Shining One.
   747 | D        | Found a white marble altar of Elyvilon.
   748 | D        | Noticed a deep elf pyromancer
   756 | D        | Noticed a fire elemental
   756 | D        | Noticed a fire elemental
   758 | D        | Killed a deep elf pyromancer
   759 | D        | Reached skill level 13 in Axes
   907 | D        | Reached skill level 14 in Axes
   907 | D        | Reached XP level 8. HP: 74/85 MP: 7/7
  1075 | D        | Found a blossoming altar of Fedhas.
  1075 | D        | Found a stormy altar of Qazlal.
  1075 | D        | Found a snail-covered altar of Cheibriados.
  1075 | D        | Found a burning altar of Makhleb.
  1075 | D        | Found a shimmering altar of Xom.
  1076 | D        | Found a hazy altar of Hepliaklqana.
  1076 | D        | Found an opulent altar of Gozag.
  1076 | D        | Found a sparkling altar of Nemelex Xobeh.
  1076 | D        | Found a corrupted altar of Lugonu.
  1076 | D        | Found a viscous altar of Jiyva.
  1189 | D        | Noticed Snorg
  1231 | D        | Killed Snorg
  1232 | D        | Reached skill level 16 in Axes
  1355 | D        | Reached XP level 9. HP: 21/96 MP: 8/8
  1651 | D        | Noticed a centaur warrior
  1662 | D        | Killed a centaur warrior
  1663 | D        | Reached skill level 15 in Fighting
  1663 | D        | Reached skill level 17 in Axes
  1886 | D        | Slain by an unseen horror

Illustrated notes

Levels and vault maps discovered:
D:        dungeon_sprint_mu [sprint_mu_entry_cave, sprint_mu_temple_rooms,
          sprint_mu_d1_horrors, sprint_mu_d2_genie, sprint_mu_d3_branching,
          sprint_mu_orc_legion, sprint_mu_elf_gauntlet, sprint_mu_hive_nellie,
          sprint_mu_lair_fedhas, sprint_mu_vaults_butterflies,
          sprint_mu_slime_circle, sprint_mu_shoals_archi,
          sprint_mu_snake_twists, sprint_mu_blade_basic,
          sprint_mu_crypt_fortress, sprint_mu_tomb_spiral,
          sprint_mu_vestibule_basic, sprint_mu_gehenna_hellfire,
          sprint_mu_dis_giant, sprint_mu_tartarus_statrot,
          sprint_mu_cocytus_islands, sprint_mu_zot1]

Skill      XL: |  1  2  3  4  5  6  7  8  9 |
---------------+----------------------------+-----
Fighting       | 5 6 7 8 10 11 12 14 15 | 15.4
Axes           | 5 6 8 11 12 14 16 17 | 17.3
Armour         | 3 4 5 6 7 |  7.6
Dodging        | 3 4 5 7 8 9 |  9.5

Action                   |  1- 3 |  4- 6 |  7- 9 || total
-------------------------+-------+-------+-------++-------
Melee: Hand axe          |    18 |    17 |    86 ||   121
       Headbutt          |     1 |     5 |    19 ||    25
       Punch             |       |       |     2 ||     2
Invok: Berserk           |     2 |     3 |     3 ||     8
  Use: Potion            |       |     1 |     2 ||     3
Armor: Animal skin       |     1 |       |       ||     1
       Robe              |       |     3 |    10 ||    13
Dodge: Dodged            |     8 |     8 |    44 ||    60

Table legend: (Time is in decaauts)
 A = Elapsed time spent in this place.
 B = Non-inter-level travel time spent in this place.
 C = Inter-level travel time spent in this place.
 D = Time resting spent in this place.
 E = Time spent auto-exploring this place.
 F = Levels seen in this place.
 G = Mean time per level.
                   A        B        C        D        E       F      G
               +--------+--------+--------+--------+--------+-----+--------+
         Total |   1904 |   1904 |      0 |   1415 |    126 |   1 | 1904.0 |
       Dungeon |   1904 |   1904 |      0 |   1415 |    126 |   1 | 1904.0 |
               +--------+--------+--------+--------+--------+-----+--------+

Top non-repeatable levels by time:
       D: 1904 daAuts
